 Dungeon Crawl Stone Soup version 0.31-a0-187-gba352fbbf7 (webtiles) character file.

Game seed: 6320904383300524390

2289 rabbitsville the Geomancer (level 9, -7/62 HPs)
             Began as a Hill Orc Earth Elementalist on June 23, 2023.
             Was an Initiate of Gozag.
             Mangled by a vampire mosquito (10 damage)
             ... on level 7 of the Dungeon.
             The game lasted 00:20:43 (5532 turns).

rabbitsville the Geomancer (HOEE)                   Turns: 5532, Time: 00:20:44

Health: -7/62      AC:  7    Str: 11    XL:     9   Next: 40%
Magic:  15/16      EV: 12    Int: 19    God:    Gozag
Gold:   522        SH:  0    Dex: 11    Spells: 14/18 levels left

rFire   . . .        t - staff of earth
rCold   . . .        (no shield)
rNeg    . . .        a - +0 robe
rPois   .            (no helmet)
rElec   .            s - +0 cloak
rCorr   .            (no gloves)
SInv    +            (no boots)
Will    .....        k - amulet of magic regeneration
Stlth   ++           d - +4 ring of protection
HPRegen 0.30/turn    n - ring of see invisible
MPRegen 0.55/turn

%: no passive effects
@: no status effects
A: no striking features
a: Renounce Religion, Potion Petition, Call Merchant, Bribe Branch


You were on level 7 of the Dungeon.
You worshipped Gozag.
Gozag was pleased with you.
You visited 2 branches of the dungeon, and saw 8 of its levels.

You collected 747 gold pieces.
You spent 121 gold pieces at shops.
You paid 104 gold pieces to Gozag.

Inventory:

Hand Weapons
 h - a +0 long sword
 o - the +0 short sword of the Feeding Fulmar {pain, Int+3 Dex+3}
   (You found it on level 2 of the Dungeon)

   Int:       It affects your intelligence (+3).
   Dex:       It affects your dexterity (+3).
Missiles
 m - 31 poisoned darts
Armour
 a - a +0 robe (worn)
 s - a +0 cloak (worn)
Magical Staves
 t - a staff of earth (weapon)
Jewellery
 d - a +4 ring of protection (left hand)
 k - an amulet of magic regeneration (around neck)
 n - a ring of see invisible (right hand)
 r - a ring of protection from cold
 x - a ring of protection from fire
 A - a ring of protection from fire
Scrolls
 f - a scroll of amnesia
 g - 7 scrolls of identify
 i - a scroll of poison {unknown}
 q - 4 scrolls of teleportation
 v - 2 scrolls of enchant armour {unknown}
 w - a scroll of revelation {unknown}
 y - 2 scrolls of enchant weapon {unknown}
Potions
 b - a potion of magic
 c - a potion of degeneration {unknown}
 e - 2 potions of mutation {unknown}
 j - a potion of attraction {unknown}
 l - a potion of invisibility {unknown}
 p - 6 potions of curing {unknown}
 u - a potion of heal wounds
 z - a potion of haste {unknown}
 B - a potion of enlightenment {unknown}


   Skills:
 - Level 1.5 Dodging
 - Level 1.5 Stealth
 - Level 5.0 Spellcasting
 - Level 0.6 Transmutations
 * Level 11.0 Earth Magic


You had 14 spell levels left.
You knew the following spells:

 Your Spells              Type           Power      Damage    Failure   Level
a - Sandblast             Erth           100%       2d20      1%          1
b - Stone Arrow           Conj/Erth      76%        3d11      3%          3

Your spell library contained the following spells:

 Spells                   Type           Power      Damage    Failure   Level
 Passwall                 Tmut/Erth      33%        N/A       1%          2
 Petrify                  Tmut/Erth      40%        N/A       12%         4
 Leda's Liquefaction      Hex/Erth       19%        N/A       13%         4
 Call Canine Familiar     Summ           4%         N/A       36%         3
 Portal Projectile        Hex/Tloc       8%         N/A       36%         3


Dungeon Overview and Level Annotations

Branches:
Dungeon (7/15)             Temple (1/1) D:5

Altars:
Ashenzari
Cheibriados
Dithmenos
Elyvilon
Fedhas
Gozag
Hepliaklqana
Kikubaaqudgha
Makhleb
Nemelex Xobeh
Okawaru
Qazlal
Ru
Sif Muna
Trog
Uskayaw
Vehumet
Wu Jian
Xom
Yredelemnul
Zin
The Shining One

Shops:
D:1 !   D:2 =   D:5 ?

Annotations:
D:4 Blork the orc, Grinder, Robin
D:6 2 transporters, exclusions: 2 upstairs and 7 more exclusions, Pikel; Sigmund; valliere's ghost, novice GrEE
D:7 3 exclusions


Message History

Aiming: Sandblast (safe; 1% risk of failure)
Press: ? - help, Q - select action, (/) - cycle Shift-Dir - straight line, f/p - water moccasin
Aim: a water moccasin (severely wounded, 76% to hit)
You feel a surge of power!
The blast of sand hits the water moccasin!!
You kill the water moccasin!
Your Earth Magic skill increases to level 11!
A vampire mosquito comes into view.
The vampire mosquito buzzes angrily.
Aiming: Sandblast (safe; 1% risk of failure)
Press: ? - help, Q - select action, (/) - cycle Shift-Dir - straight line, f - vampire mosquito
Aim: a vampire mosquito (76% to hit)
You feel a surge of power!
The blast of sand hits the vampire mosquito!
The vampire mosquito is moderately damaged.
Aiming: Sandblast (safe; 1% risk of failure)
Press: ? - help, Q - select action, (/) - cycle Shift-Dir - straight line, f/p - vampire mosquito
Aim: a vampire mosquito (moderately damaged, 76% to hit)
You feel a surge of power!
The blast of sand hits the vampire mosquito!
The vampire mosquito is severely damaged.
The vampire mosquito bites you!
The vampire mosquito draws strength from your injuries!
The vampire mosquito barely misses you. The vampire mosquito bites you.
The vampire mosquito draws strength from your injuries!
Aiming: Sandblast (safe; 1% risk of failure)
Press: ? - help, Q - select action, (/) - cycle Shift-Dir - straight line, f/p - vampire mosquito
Aim: a vampire mosquito (moderately damaged, 76% to hit)
You feel a surge of power!
The blast of sand hits the vampire mosquito!
The vampire mosquito is severely damaged.
The vampire mosquito bites you!
* * * LOW HITPOINT WARNING * * *
The vampire mosquito draws strength from your injuries!
The vampire mosquito bites you!
* * * LOW HITPOINT WARNING * * *
The vampire mosquito draws strength from your injuries!
The vampire mosquito bites you!
You die...
Your body crumbles into a pile of gold.

#.♣#.♣.♣.#.................
♣..S.~....#......##...##.#
#.♣#.♣.♣.#........##...##.#
♣Y♣.#.#...............
♣.♣.#............<....
♣♣♣.#$................
.♣#........##......# .
#y........######## ♣
#@#......)# #.#
######.#...)..## ...
##..............# ♣.♣
#'..............# ♣.♣
##..............# ♣.♣
#..............# ♣.♣
########.....)##
#.##########....##)......#
................#..).....#


You could see a vampire mosquito.

Vanquished Creatures
  A steam dragon (D:7)
  3 water moccasins (D:7)
  2 sky beasts (D:7)
  4 ice beasts
  A black bear (D:5)
  An ogre (D:6)
  A lemure (D:5)
  A bullfrog (D:7)
  3 kobold brigands (D:7)
  3 wights (D:7)
  A jelly (D:5)
  2 hounds (D:6)
  2 orc priests (D:3)
  3 iguanas
  2 sleepcaps (D:6)
  Ijyb (D:4)
  3 orc wizards
  3 adders (D:2)
  11 gnolls
  3 shadow imps
  5 worms
  2 dart slugs
  15 orcs
  3 ball pythons
  4 endoplasms
  A giant cockroach (D:2)
  7 goblins
  3 hobgoblins
  2 jackals (D:1)
  16 kobolds
  A quokka (D:3)
  5 bats
  2 frilled lizards
  5 rats
  A spectral orc (D:6)
123 creatures vanquished.

Vanquished Creatures (others)
  A bullfrog (D:7)
1 creature vanquished.

Grand Total: 124 creatures vanquished

Notes
Turn   | Place    | Note
-------+----------+-------------------------------------------
     0 | D:1      | rabbitsville the Hill Orc Earth Elementalist began the
                  | quest for the Orb.
     0 | D:1      | Reached XP level 1. HP: 14/14 MP: 3/3
   248 | D:1      | Found Ados's Distillery.
   305 | D:1      | Reached XP level 2. HP: 20/20 MP: 3/5
   618 | D:1      | Bought a potion of heal wounds for 55 gold pieces
   914 | D:2      | Reached XP level 3. HP: 26/26 MP: 0/6
  1089 | D:2      | Identified the +0 short sword of the Feeding Fulmar {pain,
                  | Int+3 Dex+3}
  1146 | D:2      | Found a faded altar of an unknown god.
  1521 | D:2      | Found Omirghy's Jewellery Shoppe.
  1686 | D:2      | Reached XP level 4. HP: 33/33 MP: 4/8
  2297 | D:3      | Reached XP level 5. HP: 38/38 MP: 5/10
  2423 | D:3      | Found an ornate altar of the Wu Jian Council.
  2424 | D:3      | Found a blossoming altar of Fedhas.
  2424 | D:3      | Found a bloodstained altar of Trog.
  2425 | D:3      | Found a sacrificial altar of Ru.
  2755 | D:4      | Noticed Blork the orc
  2756 | D:4      | Noticed Grinder
  2839 | D:4      | Reached XP level 6. HP: 45/45 MP: 6/13
  3174 | D:4      | Noticed Ijyb
  3179 | D:4      | Killed Ijyb
  3180 | D:4      | Reached skill level 5 in Spellcasting
  3242 | D:4      | Noticed Robin
  3254 | D:5      | Entered Level 5 of the Dungeon
  3432 | D:5      | Reached skill level 4 in Earth Magic
  3442 | D:5      | Learned a level 3 spell: Stone Arrow
  3486 | D:5      | Found Ulaima Ritz's Magic Scroll Emporium.
  3489 | D:5      | Bought a scroll of teleportation for 33 gold pieces
  3489 | D:5      | Bought a scroll of teleportation for 33 gold pieces
  3570 | D:5      | Found a staircase to the Ecumenical Temple.
  3618 | Temple   | Entered the Ecumenical Temple
  3705 | Temple   | Became a worshipper of Gozag Ym Sagoz the Greedy
  3746 | D:5      | Noticed a black bear
  3772 | D:5      | Killed a black bear
  3773 | D:5      | Reached XP level 7. HP: 50/50 MP: 9/14
  4197 | D:6      | Noticed Pikel
  4197 | D:6      | Noticed Sigmund
  4287 | D:6      | Reached skill level 5 in Earth Magic
  4323 | D:6      | Reached skill level 6 in Earth Magic
  4454 | D:6      | Reached XP level 8. HP: 57/57 MP: 15/15
  4462 | D:6      | Found a transporter.
  4477 | D:6      | Found a transporter.
  4486 | D:6      | Noticed valliere's ghost (novice GrEE)
  4516 | D:6      | Reached skill level 7 in Earth Magic
  4586 | D:6      | Found a burning altar of Makhleb.
  4702 | D:6      | Found a hazy altar of Hepliaklqana.
  4741 | D:6      | Found a sparkling altar of Nemelex Xobeh.
  4872 | D:6      | Found a basalt altar of Yredelemnul.
  4985 | D:7      | Reached skill level 8 in Earth Magic
  5101 | D:7      | Reached skill level 9 in Earth Magic
  5297 | D:7      | Reached XP level 9. HP: 57/62 MP: 16/16
  5306 | D:7      | Reached skill level 10 in Earth Magic
  5517 | D:7      | Reached skill level 11 in Earth Magic
  5532 | D:7      | HP: 3/62 [vampire mosquito (10)]
  5532 | D:7      | Mangled by a vampire mosquito

Illustrated notes

Levels and vault maps discovered:
D:1:      onia_arrival_mini_spirals, layout_loops_ring, serial_shops, shop
D:2:      layout_basic, ebering_ecumenical_altar_mist, serial_shops,
          nicolae_shop_gaudy_bauble, minmay_octomino_e4
D:3:      layout_basic, minitemple
D:4:      layout_basic, uniq_robin, uniq_blork_the_orc, uniq_grinder, uniq_ijyb
D:5:      layout_layer_cave, temple_pool_b, serial_shops,
          nicolae_shop_tiny_real_fake_doors
D:6:      layout_cave_pods, nicolae_overflow_squiral,
          mainiacjoe_overflow_alcove_4, yredelemnul_forgotten_temple_becter,
          gammafunk_ghost_stat_death, uniq_pikel, uniq_sigmund
D:7:      nzn_winding_woodlands_cross [nzn_winding_woodlands_5x15_jagged,
          nzn_winding_woodlands_5x15_sawtooth,
          nzn_winding_woodlands_5x15_crooked, nzn_winding_woodlands_5x15_eye,
          nzn_winding_woodlands_15x15_five_gardens], layout_gridville,
          kennysheep_flooded_box, corner_web_ring
Temple:   zaba_magenta_temple

Skill      XL: |  1  2  3  4  5  6  7  8  9 |
---------------+----------------------------+-----
Spellcasting   | 2 3 4 5 |  5.0
Earth Magic    | 4 6 9 11 | 11.0
Dodging        | |  1.5
Stealth        | |  1.5
Transmutations | |  0.6

Action                     |  1- 3 |  4- 6 |  7- 9 || total
---------------------------+-------+-------+-------++-------
  Melee: Long sword        |     4 |       |       ||     4
         Short sword       |       |    25 |       ||    25
         Staff             |       |       |     4 ||     4
  Throw: Dart              |       |     1 |       ||     1
   Cast: Sandblast         |    48 |    83 |    96 ||   227
    Use: Scroll            |     3 |     1 |       ||     4
         Potion            |       |     1 |       ||     1
 Armour: Robe              |    12 |    17 |    23 ||    52
  Dodge: Dodged            |    16 |    40 |    27 ||    83

Table legend: (Time is in decaauts)
 A = Elapsed time spent in this place.
 B = Non-inter-level travel time spent in this place.
 C = Inter-level travel time spent in this place.
 D = Time resting spent in this place.
 E = Time spent auto-exploring this place.
 F = Levels seen in this place.
 G = Mean time per level.
                   A        B        C        D        E       F      G
               +--------+--------+--------+--------+--------+-----+--------+
         Total |   5648 |   5365 |    283 |     67 |   3674 |   8 |  706.0 |
       Dungeon |   5543 |   5276 |    267 |     67 |   3633 |   7 |  791.9 |
        Temple |    104 |     88 |     16 |      0 |     41 |   1 |  104.0 |
               +--------+--------+--------+--------+--------+-----+--------+

Top non-repeatable levels by time:
     D:2: 1199 daAuts
     D:5: 883 daAuts
     D:1: 869 daAuts
     D:3: 777 daAuts
     D:6: 726 daAuts
     D:7: 620 daAuts
     D:4: 467 daAuts
  Temple: 104 daAuts
